 Dungeon Crawl Stone Soup version 0.31-a0-1068-g5939ac1fb6 (webtiles) character file.

Game seed: 10663436743482785036

9318 Malachi the Green Death (level 11, -3/90 HPs)
             Began as a Demonspawn Fighter on Nov 24, 2023.
             Was a High Priest of Fedhas.
             Killed from afar by a starcursed mass (8 damage)
             ... with an accursed screaming
             ... on level 1 of the Abyss.
             The game lasted 00:16:09 (8556 turns).

Malachi the Green Death (Demonspawn Fighter)        Turns: 8556, Time: 00:16:11

Health: -3/90      AC: 20    Str: 21    XL:     11   Next: 21%
Magic:  29/29      EV:  6    Int:  9    God:    Fedhas [*****.]
Gold:   182        SH:  0    Dex: 19    Spells: 10/10 levels left

rFire   . . .        C - +6 war axe "Feapuol" {heavy, Contam rC++ MP+9 Stlth+}
rCold   + + .        (no shield)
rNeg    . . .        E - +0 plate armour
rPois   .            e - +0 helmet
rElec   .            (no cloak)
rCorr   .            (no gloves)
SInv    .            (no boots)
Will    .....        k - amulet of regeneration Stlth
                     y - +6 ring of dexterity
HPRegen 1.15/turn    z - +4 ring of protection
MPRegen 0.21/turn

%: no passive effects
@: about to teleport, studying Stealth
A: molten scales 2, foul stench 2, demonic touch 2
a: Renounce Religion, Wall of Briars, Grow Ballistomycete, Overgrow, Grow Oklob


You were on level 1 of the Abyss.
You worshipped Fedhas.
Fedhas was extremely pleased with you.
You visited 1 branch of the dungeon, and saw 10 of its levels.
You visited the Abyss 1 time.
You also visited: Ossuary.

You collected 541 gold pieces.
You spent 359 gold pieces at shops.

Inventory:

Hand Weapons
 a - a +2 war axe
 s - a +0 whip of electrocution
 C - the +6 war axe "Feapuol" (weapon) {heavy, Contam rC++ MP+9 Stlth+}
   (You found it on level 7 of the Dungeon)

   rC++:      It greatly protects you from cold.
   MP+9:      It affects your magic capacity (+9).
   Contam:    It causes magical contamination when unequipped.
   Stlth+:    It makes you more stealthy.
 D - the +9 mace of the Throat {flame, rPois Str+3}
   (You found it on level 7 of the Dungeon)

   Str+3:     It affects your strength (+3).
   rPois:     It protects you from poison
Missiles
 c - a throwing net
 v - 16 poisoned darts
Armour
 e - a +0 helmet (worn)
 E - a +0 plate armour (worn)
Jewellery
 k - an amulet of regeneration (around neck)
 y - a +6 ring of dexterity (left hand)
 z - a +4 ring of protection (right hand)
Wands
 d - a wand of paralysis (9)
 l - a wand of digging (4)
 A - a wand of flame (17)
Scrolls
 b - 2 scrolls of revelation
 f - 3 scrolls of teleportation
 j - 3 scrolls of fog
 n - a scroll of silence
 o - a scroll of blinking
 w - 2 scrolls of poison
Potions
 g - a potion of haste {unknown}
 h - 3 potions of lignification
 i - 2 potions of magic
 m - a potion of berserk rage {unknown}
 p - 3 potions of attraction
 q - 4 potions of curing
 r - 3 potions of enlightenment
 t - 2 potions of resistance
 u - a potion of ambrosia
 x - 3 potions of might
 B - a potion of cancellation {unknown}


   Skills:
 - Level 10.0 Fighting
 + Level 9.3 Axes
 - Level 5.2 Armour
 - Level 3.5 Shields
 + Level 12.3 Invocations


You had 10 spell levels left.
You didn't know any spells.
Your spell library contained the following spells:

 Spells                   Type           Power      Damage    Failure   Level
 Magic Dart               Conj           0%         1d3       100%        1
 Shock                    Conj/Air       0%         1d3       100%        1
 Summon Small Mammal      Summ           0%         N/A       100%        1
 Searing Ray              Conj           0%         2d4       100%        2
 Static Discharge         Conj/Air       0%         3-3/arc   100%        2
 Call Canine Familiar     Summ           0%         N/A       100%        3
 Ozocubu's Armour         Ice            0%         N/A       100%        3
 Summon Guardian Golem    Hex/Summ       0%         N/A       100%        3
 Swiftness                Air            0%         N/A       100%        3
 Airstrike                Air            0%         2d(0-16)  100%        4
 Fulminant Prism          Conj/Hex       0%         3d5       100%        4
 Summon Lightning Spire   Summ/Air       0%         N/A       100%        4
 Vhi's Electric Charge    Tloc/Air       0%         N/A       100%        4
 Arcjolt                  Conj/Air       0%         1d10      100%        5
 Metabolic Englaciation   Hex/Ice        0%         N/A       100%        5
 Simulacrum               Ice/Necr       0%         N/A       100%        6
 Maxwell's Capacitive Co  Air            0%         ∞         100%        8


Dungeon Overview and Level Annotations

Branches:
Dungeon (10/15)            Temple (0/1) D:5            Lair (0/5) D:9
Ossuary (visited)
    Orc: D:9-12

Altars:
Cheibriados
Fedhas
Gozag
Sif Muna
Uskayaw
Xom
Yredelemnul

Shops:
D:6 *(?!   D:7 :

Annotations:
D:10 Sonja


Innate Abilities, Weirdness & Mutations

You are mostly covered in molten scales. (AC +3)
You sometimes emit foul miasma when damaged in melee.
Your touch may inflict irresistible damage on your foes.


Message History

The starcursed mass touches you but does no damage.
You hit the starcursed mass.
You touch the starcursed mass!
The starcursed mass is heavily damaged.
The starcursed mass shudders and is absorbed by its neighbour.
A starcursed mass splits.
The thrashing horror roars!
You slice the starcursed mass!!
You destroy the starcursed mass!
Fedhas accepts your kill. A chorus of shrieks assaults your mind.
The starcursed mass touches you but does no damage.
You slash the starcursed mass!
You touch the starcursed mass!
The starcursed mass is almost destroyed.
The starcursed mass shudders and is absorbed by its neighbour.
The starcursed mass shrieks in your mind.
You slash the starcursed mass! You punch the starcursed mass.
The starcursed mass is almost destroyed.
You hit the earth elemental.
The starcursed mass shudders and withdraws towards its neighbour.
The earth elemental hits you!
You emit a cloud of foul miasma!
A large abomination comes into view.
You slice the starcursed mass!!
You destroy the starcursed mass!
Fedhas accepts your kill.
You barely miss the thrashing horror. You slash the earth elemental!
The thrashing horror tramples you but does no damage. x2
The thrashing horror tramples you!
You hold your ground!
The thrashing horror barely misses you.
The starcursed mass shrieks in your mind.
The earth elemental hits you!
The thrashing horror tramples you but does no damage.
The thrashing horror barely misses you.
As you read the scroll of teleportation, it crumbles to dust.
You feel strangely unstable.
You feel the power of the Abyss delaying your translocation!
The earth elemental hits you!!
* * * LOW HITPOINT WARNING * * *
The starcursed mass shrieks in your mind.
You die...
Fedhas appreciates your contribution to the ecosystem.

# .. ≈ .. ~~ #####
~≈~ ....X# ~~~≈
####... X# ~~~~≈
###.#.####
~~~~~≈♣.#.X#...# ~
~~♣≈~@#..### # .
~~~≈~~~XE~##.## ..
.~≈~~~~~~~#~~≈..#.#
.#~~~~~~~≈~~~.#..#
#..~~≈~~~~~~~≈.# #
#...≈~≈~~~♣≈~~≈.#~
...#.#~~~~~~≈~≈~~≈#~#
..##..#...##....#..
#.. # #. ..


You could see a starcursed mass, a thrashing horror and an earth elemental.

Vanquished Creatures
  Harold (D:9)
  A boulder beetle (D:10)
  A two-headed ogre (D:8)
  A thrashing horror (Abyss:1)
  Pikel (D:4)
  Joseph (D:9)
  A gargoyle (D:10)
  Jeremiah (D:9)
  2 trolls
  A wraith (D:9)
  3 small abominations (Abyss:1)
  2 starcursed masses (Abyss:1)
  2 wyverns (D:10)
  A steam dragon (D:8)
  3 water moccasins
  A sky beast (D:7)
  An ice beast (D:4)
  An orc warrior (D:10)
  2 black bears
  3 wolves (D:9)
  2 centaurs
  A phantom (D:5)
  A kobold brigand (D:5)
  3 scorpions
  2 gnoll sergeants
  9 wights
  3 killer bees (D:7)
  4 howler monkeys (D:10)
  2 electric eels (D:9)
  2 human zombies (Ossuary)
  3 jellies
  5 centaur zombies (Ossuary)
  3 orc priests
  2 gnoll boudas
  6 hounds
  An iron imp (D:10)
  11 orc wizards
  A hound zombie (Ossuary)
  3 mummies (Ossuary)
  16 gnolls
  8 adders
  A shadow imp (D:7)
  2 white imps
  5 adder zombies (Ossuary)
  4 dart slugs
  2 worms
  30 orcs
  6 endoplasms
  3 giant cockroaches
  8 goblins
  10 hobgoblins
  8 jackals (D:1)
  13 kobolds
  4 quokkas
  9 ball pythons
  8 bats
  5 frilled lizards
  A gnoll zombie (Ossuary)
  4 goblin zombies (Ossuary)
  3 hobgoblin zombies (Ossuary)
  2 jackal zombies (Ossuary)
  2 kobold zombies (Ossuary)
  2 orc zombies (Ossuary)
  4 quokka zombies (Ossuary)
  3 rats
  3 rat zombies (Ossuary)
260 creatures vanquished.

Vanquished Creatures (others)
  A hound (D:6)
1 creature vanquished.

Grand Total: 261 creatures vanquished

Notes
Turn   | Place    | Note
-------+----------+-------------------------------------------
     0 | D:1      | Malachi the Demonspawn Fighter began the quest for the Orb.
     0 | D:1      | Reached XP level 1. HP: 18/18 MP: 1/1
    31 | D:1      | Gained mutation: You are partially covered in molten
                  | scales. (AC +2) [demonic ancestry]
    31 | D:1      | Reached XP level 2. HP: 15/24 MP: 2/2
   143 | D:1      | Gained mutation: Your touch may inflict minor irresistible
                  | damage on your foes. [demonic ancestry]
   143 | D:1      | Reached XP level 3. HP: 25/29 MP: 3/3
   315 | D:1      | Found a faded altar of an unknown god.
   348 | D:1      | Prayed at the altar of an unknown god.
   348 | D:1      | Became a worshipper of Fedhas Madash
   348 | D:1      | Reached * piety under Fedhas
   618 | D:2      | Reached XP level 4. HP: 33/35 MP: 4/4
  1206 | D:3      | Reached ** piety under Fedhas
  1301 | D:3      | Noticed a +0 dagger
  1301 | D:3      | Noticed a +0 falchion
  1301 | D:3      | Noticed a +0 short sword
  1302 | D:3      | Noticed a +0 spear
  1302 | D:3      | Noticed a +0 falchion
  1303 | D:3      | Noticed a +0 spear
  1304 | D:3      | Noticed a +0 dagger
  1306 | D:3      | Noticed a +0 short sword
  1313 | D:3      | Found a hide-covered altar of Uskayaw.
  1318 | D:3      | Reached XP level 5. HP: 37/42 MP: 5/5
  2182 | D:4      | Reached skill level 1 in Invocations
  2238 | D:4      | Noticed Pikel
  2238 | D:4      | Noticed a lemure
  2238 | D:4      | Noticed a lemure
  2238 | D:4      | Noticed a lemure
  2238 | D:4      | Noticed a lemure
  2273 | D:4      | Found a sand-covered staircase.
  2282 | Ossuary  | Entered an ossuary
  2529 | Ossuary  | Reached *** piety under Fedhas
  2530 | Ossuary  | Reached XP level 6. HP: 48/48 MP: 7/7
  2537 | Ossuary  | Reached skill level 2 in Invocations
  2671 | Ossuary  | Reached skill level 3 in Invocations
  2685 | Ossuary  | Gained mutation: Your touch may inflict irresistible damage
                  | on your foes. [demonic ancestry]
  2685 | Ossuary  | Reached XP level 7. HP: 55/55 MP: 9/9
  2722 | Ossuary  | Reached **** piety under Fedhas
  2771 | D:4      | Killed Pikel
  2772 | D:4      | Reached skill level 5 in Fighting
  2772 | D:4      | Reached skill level 4 in Invocations
  2772 | D:4      | Gained mutation: You are mostly covered in molten scales.
                  | (AC +3) [demonic ancestry]
  2772 | D:4      | Reached XP level 8. HP: 63/63 MP: 9/11
  3066 | D:4      | Reached skill level 5 in Armour
  3066 | D:4      | Reached skill level 5 in Invocations
  3322 | D:5      | Entered Level 5 of the Dungeon
  3322 | D:5      | Found a staircase to the Ecumenical Temple.
  3551 | D:5      | Reached skill level 5 in Axes
  3686 | D:5      | Reached skill level 6 in Invocations
  4278 | D:6      | Found Oteis's Assorted Antiques.
  4288 | D:6      | Bought a scroll of identify for 58 gold pieces
  4305 | D:6      | Found Jadyluu's Weapon Shoppe.
  4349 | D:6      | Identified the +0 leather armour "Plog" {rC+ Stlth+}
  4472 | D:6      | Found Umnucw's Distillery.
  4480 | D:6      | Bought a potion of curing for 39 gold pieces
  4480 | D:6      | Bought 2 potions of might for 104 gold pieces
  4480 | D:6      | Bought a potion of resistance for 130 gold pieces
  4622 | D:6      | Found Utaulyma's Magic Scroll Shop.
  4701 | D:6      | Reached skill level 7 in Invocations
  4800 | D:6      | Bought a scroll of identify for 28 gold pieces
  4954 | D:7      | Gained mutation: You may rarely emit foul miasma when
                  | damaged in melee. [demonic ancestry]
  4954 | D:7      | Reached XP level 9. HP: 67/71 MP: 14/14
  5098 | D:7      | Reached ***** piety under Fedhas
  5162 | D:7      | Found Sytsoorhewi's Tiny Tomes.
  5178 | D:7      | Identified the +6 war axe "Feapuol" {heavy, Contam rC++
                  | MP+9 Stlth+}
  5300 | D:7      | Identified the +9 mace of the Throat {flame, rPois Str+3}
  5316 | D:7      | Found an opulent altar of Gozag.
  5620 | D:7      | You fall into a shaft and drop 1 floor!
  5671 | D:8      | Noticed a two-headed ogre
  5679 | D:8      | Killed a two-headed ogre
  5680 | D:8      | Reached skill level 8 in Invocations
  6103 | D:8      | Reached skill level 9 in Invocations
  6274 | D:9      | Noticed Joseph
  6284 | D:9      | Killed Joseph
  6426 | D:9      | Noticed Jeremiah
  6483 | D:9      | Killed Jeremiah
  6484 | D:9      | Gained mutation: You sometimes emit foul miasma when
                  | damaged in melee. [demonic ancestry]
  6484 | D:9      | Reached XP level 10. HP: 13/70 MP: 17/17
  6920 | D:9      | Reached skill level 10 in Invocations
  6955 | D:9      | Found a staircase to the Lair.
  7214 | D:9      | Found a shimmering blue altar of Sif Muna.
  7214 | D:9      | Noticed Harold
  7224 | D:9      | Killed Harold
  7564 | D:10     | Entered Level 10 of the Dungeon
  7575 | D:10     | Reached skill level 11 in Invocations
  7637 | D:10     | Noticed a boulder beetle
  7645 | D:10     | Killed a boulder beetle
  7767 | D:10     | Found a snail-covered altar of Cheibriados.
  8007 | D:10     | Noticed a gargoyle
  8017 | D:10     | Killed a gargoyle
  8049 | D:10     | Reached skill level 10 in Fighting
  8191 | D:10     | Reached XP level 11. HP: 90/90 MP: 19/19
  8364 | D:10     | Found a basalt altar of Yredelemnul.
  8370 | D:10     | Noticed Sonja
  8374 | D:10     | Found a shimmering altar of Xom.
  8379 | Abyss:1  | Cast into level 1 of the Abyss (Sonja)
  8436 | Abyss:1  | Noticed a reaper
  8475 | Abyss:1  | Noticed a thrashing horror
  8487 | Abyss:1  | Killed a thrashing horror
  8488 | Abyss:1  | Reached skill level 12 in Invocations
  8538 | Abyss:1  | Noticed a starcursed mass
  8552 | Abyss:1  | Noticed a thrashing horror
  8552 | Abyss:1  | Killed a starcursed mass
  8554 | Abyss:1  | Noticed a large abomination
  8555 | Abyss:1  | Killed a starcursed mass
  8556 | Abyss:1  | Killed from afar by a starcursed mass

Illustrated notes

Levels and vault maps discovered:
D:1:      wander_arrival_peaceful_grave, layout_rooms,
          hellmonk_ecumenical_altar_pennies_from_heaven, due_unseen_surprise
D:2:      layout_loops_ring
D:3:      wad_crossroads, layout_basic, nicolae_uskayaw_en_pointe
D:4:      layout_loops_ring, enter_ossuary_1, roderic_serpentine_path,
          uniq_pikel
D:5:      layout_cave_pods, minmay_temple_entry_overgrown
D:6:      layout_basic, serial_shops, shop_statue, nicolae_inconvenience_store,
          nicolae_shop_industrial_runoff, shop
D:7:      layout_cave_pods, nicolae_overflow_crystal_walls,
          nicolae_shop_i_like_small_books_too
D:8:      layout_rooms, chequers_serial_rivers_micro_e
D:9:      layout_loops_ring, led_sif_pool, erik_lair_island, uniq_joseph,
          uniq_jeremiah, uniq_harold
D:10:     layout_loops_ring, nicolae_overflow_hallway_of_the_gods,
          old_standard_altar, slow_altar_1, nzn_sisyphean_effort, uniq_sonja
Abyss:1:  base:
D:8

Skill      XL: |  1  2  3  4  5  6  7  8  9 10 11 |
---------------+----------------------------------+-----
Axes           | 2 3 4 5 7 8 9 |  9.3
Armour         | 3 4 5 |  5.2
Shields        | 3 |  3.5
Fighting       | 4 5 6 8 10 | 10.0
Invocations    | 1 3 4 7 9 11 12 | 12.3

Action                     |  1- 3 |  4- 6 |  7- 9 | 10-12 || total
---------------------------+-------+-------+-------+-------++-------
  Melee: War axe           |    88 |   189 |   195 |   124 ||   596
         Touch             |     1 |    30 |    29 |    22 ||    82
         Punch             |       |     1 |     2 |     2 ||     5
  Evoke: Wand              |       |     1 |     3 |     7 ||    11
    Use: Scroll            |       |    11 |     5 |     2 ||    18
         Potion            |       |       |     1 |     1 ||     2
   Stab: Distracted        |       |     1 |       |       ||     1
         Paralysed         |       |       |     2 |       ||     2
 Armour: Scale mail        |   113 |    61 |       |       ||   174
         Chain mail        |       |   119 |   189 |       ||   308
         Plate armour      |       |       |    44 |   224 ||   268
  Dodge: Dodged            |    69 |    89 |    95 |    60 ||   313
  Block: Buckler           |    16 |       |       |       ||    16

Table legend: (Time is in decaauts)
 A = Elapsed time spent in this place.
 B = Non-inter-level travel time spent in this place.
 C = Inter-level travel time spent in this place.
 D = Time resting spent in this place.
 E = Time spent auto-exploring this place.
 F = Levels seen in this place.
 G = Mean time per level.
                   A        B        C        D        E       F      G
               +--------+--------+--------+--------+--------+-----+--------+
         Total |   8832 |   8302 |    530 |    940 |   5266 |  12 |  736.0 |
       Dungeon |   8127 |   7597 |    530 |    721 |   5154 |  10 |  812.7 |
         Abyss |    196 |    196 |      0 |     19 |      0 |   1 |  196.0 |
       Ossuary |    508 |    508 |      0 |    200 |    112 |   1 |  508.0 |
               +--------+--------+--------+--------+--------+-----+--------+

Top non-repeatable levels by time:
     D:9: 1110 daAuts
     D:7: 964 daAuts
     D:5: 889 daAuts
     D:3: 847 daAuts
    D:10: 842 daAuts
     D:6: 741 daAuts
     D:2: 740 daAuts
     D:4: 738 daAuts
     D:8: 629 daAuts
     D:1: 622 daAuts
 Ossuary: 508 daAuts
 Abyss:1: 196 daAuts
